 Dungeon Crawl Stone Soup version 0.18-a0-1164-g7046a04 (webtiles) character file.

591 Reinor the Covert (level 7, -4/46 HPs)
             Began as a Vampire Enchanter on Jan 25, 2016.
             Slain by an ogre
             ... wielding a +0 giant spiked club
              (23 damage)
             ... on level 4 of the Dungeon.
             The game lasted 00:12:46 (3441 turns).

Reinor the Covert (Vampire Enchanter)               Turns: 3441, Time: 00:12:46

Health: -4/46      AC:  6    Str:  7    XL:     7   Next: 16%
Magic:  21/21      EV: 12    Int: 20    God:
Gold:   115        SH:  0    Dex: 14    Spells: 4 memorised, 4 levels left

rFire  . . .     SeeInvis +     a - +1 dagger
rCold  + . .     Gourm    .     b - +1 robe
rNeg   + + .     Faith    .     (no shield)
rPois  +         Spirit   .     p - +1 helmet
rElec  .         Dismiss  .     (no cloak)
rCorr  .         Reflect  .     (no gloves)
SustAt .         Harm     .     j - +0 pair of boots
MR     +....                    (no amulet)
Stlth  +++++.....               f - ring of magical power
                                m - ring of protection from magic

@: regenerating slowly, somewhat resistant to hostile enchantments, quite
stealthy
A: fangs 3, see invisible, unbreathing
a: Bat Form


You were on level 4 of the Dungeon.
You were thirsty.

You visited 1 branch of the dungeon, and saw 4 of its levels.

You collected 115 gold pieces.

Inventory:

Hand Weapons
 a - a +1 dagger (weapon)
 u - a +1 blowgun
Missiles
 v - 22 poisoned needles
Armour
 b - a +1 robe (worn)
 j - a +0 pair of boots (worn)
 n - a +2 hat
 p - a +1 helmet (worn)
 t - a +0 buckler
Jewellery
 e - an uncursed ring of resist corrosion
 f - a ring of magical power (right hand)
 m - a ring of protection from magic (left hand)
Scrolls
 g - a scroll of remove curse
 h - 2 scrolls of recharging
 i - a scroll of identify
 o - a scroll of enchant weapon
 r - a scroll of teleportation {unknown}
 s - a scroll of immolation {unknown}
 w - a scroll of fog
Potions
 d - 26 potions of blood
 k - 2 potions of brilliance
 l - a potion of might
 q - a potion of cure mutation
Books
 c - a book of Maledictions

   Spells                             Type                      Level
   a - Corona                         Hexes                        1
   b - Ensorcelled Hibernation        Hexes/Ice                    2
   c - Confuse                        Hexes                        3
   d - Tukima's Dance                 Hexes                        3
   e - Dazzling Spray                 Conjuration/Hexes            3


   Skills:
 - Level 5.0 Short Blades
 - Level 2.1 Dodging
 - Level 8.8 Stealth
 + Level 3.6 Spellcasting
 - Level 4.4 Hexes
 - Level 1.1 Ice Magic


You had 4 spell levels left.
You knew the following spells:

 Your Spells              Type           Power        Failure   Level  Hunger
a - Corona                Hex            ###....      2%          1    None
b - Ensorcelled Hibernat  Hex/Ice        ##....       10%         2    ##.....
c - Tukima's Dance        Hex            ###.....     10%         3    ###....
d - Confuse               Hex            ###.....     10%         3    ###....


Dungeon Overview and Level Annotations

Branches:
Dungeon (4/15)
 Temple: D:4-7

Altars:
Dithmenos
Nemelex Xobeh


Innate Abilities, Weirdness & Mutations

You heal slowly.
You have razor-sharp teeth.
You have supernaturally acute eyesight.
You can survive without breathing.


Message History

Read which item? (? for menu, Esc to quit)
Okay, then.
A ball python comes into view.
You now have 115 gold pieces (gained 13).
No target in view!
No target in view!
No target in view!
An ogre comes into view. It is wielding a giant spiked club.
The ogre shouts!
You hear a shout! x4
You barely miss the ogre.
The ogre hits you with a giant spiked club!!
Ouch! That really hurt!
You hit the ogre.
The ogre is lightly wounded.
An orc comes into view. It is wielding a club.
You closely miss the ogre.
The ogre is lightly wounded.
The ogre hits you with a giant spiked club!!
Ouch! That really hurt!
You die...

### #.o #.#
#O# #@###
#...# # ###.#
S..
#######.#.....
#.........#
#.#####.###
#.# #.# #.#
#.# #.# #.#


You could see an ogre and an orc.

Vanquished Creatures
  The ghost of Arkorax the Skirmisher, an amateur DrWn (D:3)
  An ogre (D:4)
  A phantom (D:4)
  Terence (D:1)
  Natasha (thrice) (D:2)
  Robin (D:2)
  A gnoll (D:1)
  6 adders
  3 worms (D:3)
  A giant gecko (D:2)
  2 orcs (D:3)
  7 giant cockroaches
  19 goblins
  18 hobgoblins
  4 jackals
  3 quokkas (D:2)
  7 bats
  7 giant newts
  6 kobolds
  5 rats
97 creatures vanquished.

Notes
Turn   | Place    | Note
--------------------------------------------------------------
     0 | D:1      | Reinor the Vampire Enchanter began the quest for the Orb.
     0 | D:1      | Reached XP level 1. HP: 13/13 MP: 3/3
   144 | D:1      | Reached XP level 2. HP: 17/19 MP: 5/5
   159 | D:1      | Learned a level 2 spell: Ensorcelled Hibernation
   366 | D:1      | Found a sparkling altar of Nemelex Xobeh.
   613 | D:1      | Reached XP level 3. HP: 24/24 MP: 6/6
   618 | D:1      | Learned a level 3 spell: Tukima's Dance
   895 | D:2      | Noticed Terence
   915 | D:1      | Killed Terence
  1077 | D:2      | Reached XP level 4. HP: 30/30 MP: 7/7
  1128 | D:2      | Noticed Natasha
  1148 | D:2      | Killed Natasha
  1284 | D:2      | Noticed Natasha
  1291 | D:2      | Noticed Robin
  1331 | D:2      | Killed Robin
  1336 | D:2      | Killed Natasha
  1336 | D:2      | Reached skill level 5 in Short Blades
  1336 | D:2      | Reached skill level 1 in Ice Magic
  1378 | D:2      | Reached XP level 5. HP: 32/35 MP: 8/8
  1451 | D:2      | Found a shadowy altar of Dithmenos.
  1628 | D:2      | Reached skill level 5 in Stealth
  1660 | D:2      | Noticed Natasha
  1666 | D:2      | Killed Natasha
  1954 | D:2      | Reached skill level 6 in Stealth
  2198 | D:3      | Noticed Arkorax's ghost (amateur DrWn)
  2961 | D:3      | Reached skill level 7 in Stealth
  3098 | D:3      | Reached XP level 6. HP: 38/41 MP: 9/9
  3225 | D:3      | Learned a level 3 spell: Confuse
  3265 | D:3      | Killed Arkorax's ghost
  3265 | D:3      | Reached skill level 8 in Stealth
  3347 | D:4      | Reached XP level 7. HP: 37/46 MP: 12/12
  3441 | D:4      | Slain by an ogre

Vault maps used:
D:1:      lightli_iron_boxes, nemelex_xobeh_ov_fountains_minmay
D:2:      nicolae_dithmenos_shadow_blocks, uniq_natasha, uniq_terence,
          uniq_robin
D:3:      minmay_misc_feat_rows
D:4:      uniq_edmund, uniq_pikel, uniq_blork_the_orc

Action                   |  1- 3 |  4- 6 |  7- 9 || total
-------------------------+-------+-------+-------++-------
Melee: Dagger            |   100 |   270 |     4 ||   374
 Cast: Ensorcelled Hiber |     2 |    15 |       ||    17
       Corona            |       |     4 |       ||     4
       Confuse           |       |     2 |       ||     2
 Abil: End Transformatio |     1 |     3 |       ||     4
       Bat Form          |     1 |     3 |       ||     4
  Use: Scroll            |     1 |     7 |       ||     8
       Potion            |       |     7 |       ||     7
 Stab: Sleeping          |    11 |    27 |     1 ||    39
       Confused          |       |     2 |       ||     2
